 Dungeon Crawl Stone Soup version 0.25-a0-474-ga8a2ee3166 (webtiles) character file.

Game seed: 10314840571768390127, levelgen mode: deterministic

13477 Elellon the Thaumaturge (level 11, -7/68 HPs)
             Began as a Deep Elf Conjurer on Feb 7, 2020.
             Was an Elder of Vehumet.
             Mangled by an unseen horror (9 damage)
             ... on level 12 of the Dungeon on Feb 8, 2020.
             The game lasted 00:29:42 (17833 turns).

Elellon the Thaumaturge (Deep Elf Conjurer)        Turns: 17833, Time: 00:29:43

Health: -7/68      AC:  5    Str:  7    XL:     11   Next: 76%
Magic:  12/30      EV: 15    Int: 24    God:    Vehumet [****..]
Gold:   1005       SH:  0    Dex: 15    Spells: 25/36 levels left

rFire    . . .     SeeInvis .   j - staff of cold
rCold    + . .     Gourm    .   (no shield)
rNeg     . . .     Faith    .   a - +0 robe
rPois    .         Spirit   .   t - +0 helmet
rElec    .         Reflect  .   (no cloak)
rCorr    .         Harm     .   q - +0 pair of gloves
MR       +....                  k - +0 pair of boots
Stlth    ++........             L - amulet of magic regeneration
HPRegen  0.21/turn              s - +2 ring of intelligence
MPRegen  0.47/turn              B - ring of flight

@: very slightly contaminated
A: no striking features
a: Renounce Religion, Evoke Flight


You were on level 12 of the Dungeon.
You worshipped Vehumet.
Vehumet was greatly pleased with you.
You were very hungry.

You visited 2 branches of the dungeon, and saw 13 of its levels.
You also visited: Bailey.

You collected 1005 gold pieces.

Inventory:

Armour
 a - a +0 robe (worn)
 b - a +4 chain mail
 k - a +0 pair of boots (worn)
 q - a +0 pair of gloves (worn)
 t - a +0 helmet (worn)
Magical Staves
 j - an uncursed staff of cold (weapon)
Jewellery
 s - a +2 ring of intelligence (left hand)
 B - a ring of flight (right hand)
 L - an amulet of magic regeneration (around neck)
Wands
 n - a wand of random effects (24)
 v - a wand of polymorph (19)
 y - a wand of paralysis (11)
 F - a wand of iceblast (8)
 I - a wand of flame (11)
 O - a wand of acid (7)
Scrolls
 i - 4 scrolls of remove curse
 m - 4 scrolls of immolation {unknown}
 o - 2 scrolls of enchant armour {unknown}
 p - 6 scrolls of teleportation {unknown}
 r - 3 scrolls of identify
 u - 2 scrolls of fog
 D - a scroll of random uselessness {unknown}
 E - 3 scrolls of magic mapping {unknown}
 G - a scroll of holy word {unknown}
 J - a scroll of blinking {unknown}
 K - a scroll of vulnerability {unknown}
 M - a scroll of silence {unknown}
Potions
 d - 2 potions of berserk rage {unknown}
 e - 6 potions of curing {unknown}
 f - a potion of haste {unknown}
 g - 4 potions of cancellation {unknown}
 h - 2 potions of heal wounds {unknown}
 l - a potion of magic {unknown}
 w - 2 potions of might {unknown}
 x - 3 potions of invisibility {unknown}
 z - a potion of ambrosia {unknown}
 A - a potion of lignification {unknown}
 C - 2 potions of resistance {unknown}
 H - a potion of mutation {unknown}
 P - a potion of brilliance {unknown}
Comestibles
 c - 26 rations


   Skills:
 + Level 8.1 Fighting
 + Level 5.6 Dodging
 - Level 2.4 Stealth
 + Level 13.0 Spellcasting
 + Level 11.7 Conjurations
 * Level 6.4 Fire Magic
 + Level 4.0 Poison Magic


You had 25 spell levels left.
You knew the following spells:

 Your Spells              Type           Power        Failure   Level  Hunger
a - Magic Dart            Conj           ####         1%          1    None
b - Searing Ray           Conj           ######       1%          2    None
c - Iskenderun's Mystic   Conj/Tloc      #####...     1%          4    None
d - Foxfire               Conj/Fire      ####         1%          1    None
e - Mephitic Cloud        Conj/Pois/Air  #####...     1%          3    None

Your spell library contained the following spells:

 Spells                   Type           Power        Failure   Level  Hunger
 Hailstorm                Conj/Ice       ######..     1%          4    None
 Conjure Flame            Conj/Fire      ######..     1%          3    None
 Dazzling Flash           Conj/Hex       #####.       1%          3    None
 Fulminant Prism          Conj/Hex       #####.....   1%          4    None
 Beastly Appendage        Tmut           ###...       3%          1    None
 Summon Small Mammal      Summ           ###.         3%          1    None
 Spider Form              Tmut/Pois      ####......   4%          3    None
 Blink                    Tloc           N/A          6%          2    None
 Call Imp                 Summ           ###.....     6%          2    None
 Slow                     Hex            ###.....     6%          2    None
 Sticks to Snakes         Tmut           ###.....     6%          2    None
 Call Canine Familiar     Summ           ###.....     12%         3    None
 Summon Guardian Golem    Hex/Summ       ###.....     12%         3    None
 Ice Form                 Ice/Tmut       ###.....     36%         4    None
 Summon Ice Beast         Ice/Summ       ###.....     36%         4    None
 Summon Lightning Spire   Summ/Air       ###.....     36%         4    None
 Blade Hands              Tmut           ###.......   71%         5    ###....


Dungeon Overview and Level Annotations

Branches:
Dungeon (12/15)            Temple (1/1) D:7            Lair (0/6) D:10
    Orc (0/2) D:11         Bailey (visited)

Altars:
Ashenzari
Cheibriados
Dithmenos
Elyvilon
Fedhas
Gozag
Hepliaklqana
Kikubaaqudgha
Makhleb
Nemelex Xobeh
Okawaru
Qazlal
Sif Muna
Trog
Uskayaw
Vehumet
Yredelemnul
Zin
The Shining One


Message History

Something closely misses you. Something hits you.
* * * LOW HITPOINT WARNING * * *
Something hits you but does no damage.
Casting: Iskenderun's Mystic Blast (safe; 1% risk of failure)
Confirm with . or Enter, or press ? or * to list all spells.
You erupt in a blast of force!
Something hits you.
* * * LOW HITPOINT WARNING * * *
Casting: Iskenderun's Mystic Blast (safe; 1% risk of failure)
Confirm with . or Enter, or press ? or * to list all spells.
You miscast Iskenderun's Mystic Blast.
You are very lightly contaminated with residual magic.
The floor and the ceiling briefly switch places.
Something hits you.
* * * LOW HITPOINT WARNING * * *
Something hits you!
* * * LOW HITPOINT WARNING * * *
The crimson imp blinks!
Something hits you!
You die...

....
#..####.........##.###.#
.##....##.)# #.........##.#
#.# ....
#....####.........#..# #.#
#..#
#.##................####.#
.##..##....############..##
#..# ........##.# #....##
##.## ###.....##.######
#.#### #..#
#.#......[....####.# #.##
#. #.#.##.###S.@....# ###.#
# #....#.#...####.####
#.".# #.#..#.#.###
#....###.### ...#..#.#.#
####.....#### ... #......#
####.....# ..... #.#...##
##(.#...### .... ...#..##
##....[.[... #####..###.##
##..###...##. #.##....#
#..## #...###


You could see an adder.

Vanquished Creatures
  2 hydras
  An ugly thing (D:11)
  A kobold demonologist (D:11)
  3 komodo dragons
  A hornet (D:11)
  2 trolls
  4 hippogriffs
  2 dream sheep (D:9)
  A tarantella (shapeshifter) (D:12)
  A wyvern (D:9)
  8 yaks
  3 ice beasts
  6 orc warriors
  A phantom (D:10)
  2 sky beasts
  7 ogres
  9 centaurs
  5 big kobolds
  6 bullfrogs
  14 gnoll sergeants
  2 scorpions
  23 killer bees
  13 wights
  5 crimson imps
  2 bullfrog zombies
  3 centaur zombies
  2 bullfrog skeletons
  10 hounds
  6 gnoll shamans (Bailey)
  4 orc priests
  Ijyb (D:5)
  2 iguanas
  11 orc wizards
  6 worker ants
  A hound skeleton (D:4)
  27 gnolls
  A howler monkey skeleton (D:5)
  11 adders
  3 river rats (D:4)
  A shadow imp (D:7)
  An adder skeleton (D:7)
  3 adder zombies
  5 worms
  2 dart slugs
  7 leopard geckos
  31 orcs
  7 giant cockroaches
  6 goblins
  9 hobgoblins
  12 jackals
  2 quokkas
  4 ball pythons
  5 bats
  4 frilled lizards
  10 kobolds
  A leopard gecko skeleton (D:3)
  5 rats
327 creatures vanquished.

Vanquished Creatures (others)
  2 foxfires (D:10)
  6 plants
8 creatures vanquished.

Grand Total: 335 creatures vanquished

Notes
Turn   | Place    | Note
-------+----------+-------------------------------------------
     0 | D:1      | Elellon the Deep Elf Conjurer began the quest for the Orb.
     0 | D:1      | Reached XP level 1. HP: 10/10 MP: 6/6
   279 | D:1      | Reached XP level 2. HP: 14/15 MP: 3/8
   962 | D:1      | Reached skill level 4 in Spellcasting
  1085 | D:1      | Reached skill level 5 in Conjurations
  1085 | D:1      | Reached XP level 3. HP: 19/19 MP: 4/10
  1530 | D:2      | Found a shattered altar of Ashenzari.
  1534 | D:2      | Found a shadowy altar of Dithmenos.
  1535 | D:2      | Found a glowing golden altar of the Shining One.
  1557 | D:2      | Found a faded altar of an unknown god.
  1579 | D:2      | Found a hazy altar of Hepliaklqana.
  1813 | D:2      | Reached XP level 4. HP: 24/24 MP: 8/12
  2105 | D:2      | Found a glowing silver altar of Zin.
  2106 | D:2      | Found a hide-covered altar of Uskayaw.
  2107 | D:2      | Found a blossoming altar of Fedhas.
  2108 | D:2      | Found an iron altar of Okawaru.
  2109 | D:2      | Found a white marble altar of Elyvilon.
  2469 | D:3      | Learned a level 2 spell: Searing Ray
  2474 | D:3      | Learned a level 4 spell: Iskenderun's Mystic Blast
  2503 | D:3      | Reached skill level 5 in Spellcasting
  2507 | D:3      | Reached skill level 1 in Fighting
  2507 | D:3      | Reached XP level 5. HP: 12/29 MP: 2/14
  3363 | D:3      | Found an ancient bone altar of Kikubaaqudgha.
  3529 | D:2      | Found a sparkling altar of Nemelex Xobeh.
  3529 | D:2      | Found a basalt altar of Yredelemnul.
  4117 | D:4      | Reached XP level 6. HP: 30/35 MP: 10/16
  4170 | D:4      | Reached skill level 6 in Spellcasting
  4521 | D:4      | Found a snail-covered altar of Cheibriados.
  5086 | D:5      | Entered Level 5 of the Dungeon
  5475 | D:5      | Reached XP level 7. HP: 40/40 MP: 14/19
  5787 | D:5      | Noticed Ijyb
  5794 | D:5      | Killed Ijyb
  6232 | D:6      | Reached skill level 7 in Spellcasting
  6608 | D:6      | Reached XP level 8. HP: 43/48 MP: 2/21
  6747 | D:6      | Reached skill level 8 in Spellcasting
  7999 | D:7      | Noticed a hippogriff
  8005 | D:7      | Killed a hippogriff
  8005 | D:7      | Reached skill level 9 in Spellcasting
  8330 | D:7      | HP: 2/48 [centaur (7)]
  8544 | D:7      | Reached skill level 5 in Fighting
  8644 | D:7      | Found a staircase to the Ecumenical Temple.
  8653 | Temple   | Entered the Ecumenical Temple
  8670 | Temple   | Became a worshipper of Vehumet
  8795 | D:7      | Reached XP level 9. HP: 7/54 MP: 13/24
 10120 | D:8      | Reached skill level 10 in Spellcasting
 10581 | D:9      | Reached * piety under Vehumet
 10581 | D:9      | Offered knowledge of Freeze by Vehumet.
 11226 | D:9      | Reached skill level 10 in Conjurations
 11416 | D:9      | Reached skill level 11 in Spellcasting
 11663 | D:9      | Reached XP level 10. HP: 61/61 MP: 21/27
 11876 | D:9      | Noticed a two-headed hydra
 11883 | D:9      | Killed a two-headed hydra
 12175 | D:10     | Entered Level 10 of the Dungeon
 12545 | D:10     | Found a flagged portal.
 12551 | D:10     | Reached skill level 12 in Spellcasting
 12735 | Bailey   | Entered a bailey
 12794 | Bailey   | Reached ** piety under Vehumet
 12794 | Bailey   | Offered knowledge of Foxfire by Vehumet.
 12839 | Bailey   | Learned a level 1 spell: Foxfire
 13120 | Bailey   | Reached skill level 1 in Fire Magic
 13708 | Bailey   | Offered knowledge of Mephitic Cloud by Vehumet.
 13851 | Bailey   | Learned a level 3 spell: Mephitic Cloud
 14201 | D:10     | Reached *** piety under Vehumet
 14436 | D:10     | Reached skill level 1 in Poison Magic
 14554 | D:10     | Found a glowing golden altar of the Shining One.
 14773 | D:10     | Found a staircase to the Lair.
 15119 | D:11     | Noticed a red ugly thing
 15128 | D:11     | Killed a red ugly thing
 15398 | D:11     | Reached XP level 11. HP: 63/67 MP: 21/29
 15595 | D:10     | HP: 1/67 [komodo dragon (14)]
 16000 | D:11     | Offered knowledge of Ignite Poison by Vehumet.
 16369 | D:11     | Noticed a five-headed hydra
 16381 | D:11     | Killed a five-headed hydra
 16438 | D:11     | Found a staircase to the Orcish Mines.
 16449 | D:11     | Reached skill level 5 in Fire Magic
 16460 | D:11     | Reached **** piety under Vehumet
 16474 | D:11     | Offered knowledge of Hailstorm by Vehumet.
 16667 | D:11     | Reached skill level 5 in Dodging
 17165 | D:12     | Reached skill level 13 in Spellcasting
 17828 | D:12     | HP: 1/68 [something (8)]
 17833 | D:12     | Mangled by an unseen horror

Levels and vault maps discovered:
D:1:      lemuel_arrival_hallway, layout_loops_corners, serial_forest,
          infiniplex_forest_clump_curved, infiniplex_forest_straight_4,
          infiniplex_forest_zigzag_2, infiniplex_forest_straight_3,
          infiniplex_forest_lined_1, minivault_11
D:2:      layout_loops_ring, nicolae_overflow_hidden_temple,
          overflow_temple_1_default, minitemple,
          chequers_ecumenical_altar_simple, first_ration
D:3:      layout_loops_corners, marbit_many_paths
D:4:      layout_basic, lemuel_doored_altar, gup_sewer_entry_spiral
D:5:      layout_basic, uniq_ijyb
D:6:      layout_layer_cave
D:7:      layout_loops_ring, minmay_temple_entry_gardened_gates
D:8:      layout_basic
D:9:      layout_irregular_city, hangedman_ranch [blue_anna_fruit_fields]
D:10:     layout_loops_ring, david_lair_shrubbed, enter_bailey_2,
          nicolae_tso_carved_into_rock
D:11:     layout_irregular_city, kennysheep_orc_monster_closet_entryway
D:12:     layout_rooms
Temple:   dpeg_three_leaves_temple

Skill      XL: |  1  2  3  4  5  6  7  8  9 10 11 |
---------------+----------------------------------+-----
Spellcasting   | 4 5 6 7 9 11 12 13 | 13.0
Conjurations   | 5 6 7 8 10 11 | 11.7
Fighting       | 1 2 3 5 6 7 8 |  8.1
Fire Magic     | 3 6 |  6.4
Dodging        | 3 5 |  5.6
Poison Magic   | 1 4 |  4.0
Stealth        | |  2.4

Action                   |  1- 3 |  4- 6 |  7- 9 | 10-12 || total
-------------------------+-------+-------+-------+-------++-------
Melee: Staff             |       |     1 |       |       ||     1
 Cast: Magic Dart        |    83 |   115 |    99 |   113 ||   410
       Searing Ray       |       |    22 |    67 |   117 ||   206
       Iskenderun's Myst |       |       |     1 |    34 ||    35
       Mephitic Cloud    |       |       |       |     8 ||     8
       Foxfire           |       |       |       |     1 ||     1
  Use: Scroll            |       |     3 |     3 |     3 ||     9
  Eat: Chunk             |     2 |    26 |    18 |     9 ||    55
Armor: Robe              |     3 |     2 |     8 |    20 ||    33
Dodge: Dodged            |    10 |    14 |    39 |   100 ||   163

Table legend:
 A = Non-vault XP
 B = Vault XP
 C = Vault XP percentage of total XP
 D = Non-vault monster count
 E = Vault monster count
 F = Vault count percentage of total count
                 A         B        C        D         E       F
            +---------+---------+-------+---------+---------+-------
      Total |   13815 |    5438 |  28.2 |     261 |      66 |  20.2
            +---------+---------+-------+---------+---------+-------
        D:1 |      51 |       0 |   0.0 |      31 |       0 |   0.0
        D:2 |      57 |       0 |   0.0 |      12 |       0 |   0.0
        D:3 |     179 |       2 |   1.1 |      28 |       1 |   3.4
        D:4 |     267 |      49 |  15.5 |      18 |       6 |  25.0
        D:5 |     254 |      36 |  12.4 |       8 |       1 |  11.1
        D:6 |     948 |       0 |   0.0 |      19 |       0 |   0.0
        D:7 |    1214 |       0 |   0.0 |      25 |       0 |   0.0
        D:8 |     373 |       0 |   0.0 |       9 |       0 |   0.0
        D:9 |    1641 |    2183 |  57.1 |      19 |       8 |  29.6
       D:10 |    1546 |     343 |  18.2 |      39 |       1 |   2.5
       D:11 |    6273 |    1592 |  20.2 |      44 |      19 |  30.2
       D:12 |    1012 |       0 |   0.0 |       9 |       0 |   0.0
     Bailey |       0 |    1233 | 100.0 |       0 |      30 | 100.0
            +---------+---------+-------+---------+---------+-------
